[Event "British KO-ch Pre 2019"]
[Site "London"]
[Date "2019.11.30"]
[Round "1.1"]
[White "Claridge-Hansen, William"]
[Black "Fernandez, Daniel Howard"]
[Result "0-1"]
[ECO "A10"]
[WhiteElo "2290"]
[BlackElo "2444"]
[Annotator "ChessBase"]
[PlyCount "44"]
[EventDate "2019.11.30"]
[EventType "k.o."]
[EventCountry "ENG"]
[SourceTitle "playchess.com"]
[Source "ChessBase"]
[SourceQuality "1"]
[TimeControl "600+5"]

1. c4 b6 2. Nc3 Bb7 3. e4 a5 4. d4 e5 5. Nf3 Bb4 6. Nxe5 Qe7 7. Bd3 c5 8. Nf3 f5 9. Bg5 Nf6 10. e5 h6 11. Bxf6 gxf6 12. O-O cxd4 13. Nxd4 Bxc3 14. Nxf5 Qxe5 15. bxc3 Kd8 16. Re1 Qc5 17. Qh5 Kc7 18. Qf7 Nc6 19. Ng3 Ne5 20. Rxe5 fxe5 21. Ne4 Bxe4 22. Bxe4 Raf8 0-1

[Event "British KO-ch Pre 2019"]
[Site "London"]
[Date "2019.11.30"]
[Round "1.2"]
[White "Clarke, Brandon G I"]
[Black "Wadsworth, Matthew J"]
[Result "1-0"]
[ECO "B48"]
[WhiteElo "2431"]
[BlackElo "2401"]
[Annotator "ChessBase"]
[PlyCount "63"]
[EventDate "2019.11.30"]
[EventType "k.o."]
[EventCountry "ENG"]
[SourceTitle "playchess.com"]
[Source "ChessBase"]
[SourceQuality "1"]
[TimeControl "600+5"]

1. e4 c5 2. Nf3 e6 3. d4 cxd4 4. Nxd4 Nc6 5. Nc3 Qc7 6. Be3 a6 7. a3 Nf6 8. f4 Nxd4 9. Bxd4 Qxf4 10. g3 Qc7 11. e5 Nd5 12. Ne4 b5 13. Bg2 Bb7 14. O-O Be7 15. Qg4 O-O-O 16. Rxf7 Kb8 17. c3 h5 18. Qe2 Ka8 19. a4 Qc4 20. Qxc4 bxc4 21. Nd2 Rdf8 22. Raf1 Rxf7 23. Rxf7 Bd8 24. Rxd7 Bc8 25. Rxg7 h4 26. Nxc4 hxg3 27. hxg3 Kb8 28. a5 Bc7 29. b4 Rf8 30. Nb6 Nxb6 31. axb6 Bd8 32. Bc5 1-0

[Event "British KO-ch Pre 2019"]
[Site "London"]
[Date "2019.11.30"]
[Round "1.3"]
[White "Pein, Jonathan"]
[Black "Merry, Alan B"]
[Result "0-1"]
[ECO "B20"]
[WhiteElo "2151"]
[BlackElo "2426"]
[Annotator "ChessBase"]
[PlyCount "72"]
[EventDate "2019.11.30"]
[EventType "k.o."]
[EventCountry "ENG"]
[SourceTitle "playchess.com"]
[Source "ChessBase"]
[SourceQuality "1"]
[TimeControl "600+5"]

1. g3 c5 2. Bg2 g6 3. e4 Bg7 4. Ne2 Nc6 5. c3 e5 6. O-O Nge7 7. d3 O-O 8. Be3 d6 9. d4 exd4 10. cxd4 Qb6 11. Nbc3 Nxd4 12. Nxd4 cxd4 13. Na4 Qa5 14. Bxd4 Bxd4 15. Qxd4 Nc6 16. Qd1 Be6 17. Nc3 Rfd8 18. Rc1 Rac8 19. h3 Bc4 20. Re1 Nb4 21. b3 Nd3 22. bxc4 Nxc1 23. Nd5 Rxc4 24. Bf1 Rc5 25. Re3 Nxa2 26. Nf6+ Kg7 27. Qd4 Re5 28. Ng4 h5 29. Nxe5 dxe5 30. Qa1 Rd2 31. Re2 Rxe2 32. Bxe2 b6 33. Bc4 Nc3 34. Qc1 Nxe4 35. Qe3 Qa1+ 36. Kg2 Qd4 0-1

[Event "British KO-ch Pre 2019"]
[Site "London"]
[Date "2019.11.30"]
[Round "1.4"]
[White "Haria, Ravi"]
[Black "Willow, Jonah B"]
[Result "1-0"]
[ECO "B31"]
[WhiteElo "2451"]
[BlackElo "2345"]
[Annotator "ChessBase"]
[PlyCount "97"]
[EventDate "2019.11.30"]
[EventType "k.o."]
[EventCountry "ENG"]
[SourceTitle "playchess.com"]
[Source "ChessBase"]
[SourceQuality "1"]
[TimeControl "600+5"]

1. Nf3 c5 2. e4 Nc6 3. Bb5 g6 4. O-O Bg7 5. Re1 Nf6 6. c3 O-O 7. d4 d5 8. e5 Ne4 9. Bxc6 bxc6 10. Be3 Rb8 11. Qc1 c4 12. Nbd2 Nxd2 13. Nxd2 c5 14. b3 cxd4 15. Bxd4 Qc7 16. b4 a5 17. a3 Bf5 18. Nf1 Bd3 19. Qe3 axb4 20. axb4 Ra8 21. Ng3 Qc6 22. h4 Qe6 23. h5 Rxa1 24. Rxa1 f6 25. h6 Bh8 26. f4 fxe5 27. fxe5 Qg4 28. b5 Be4 29. Nxe4 dxe4 30. b6 Qf5 31. Qe2 Bxe5 32. Qxc4+ e6 33. Bxe5 Qxe5 34. Qd4 Qxd4+ 35. cxd4 Rb8 36. Rb1 Kf7 37. b7 Ke7 38. Kf2 Kd6 39. Ke3 Kd5 40. Rb2 e5 41. dxe5 Kxe5 42. Rb5+ Kd6 43. Kxe4 Kc6 44. Rb2 Kc7 45. Ke5 Re8+ 46. Kf6 Kb8 47. Kg7 Re7+ 48. Kg8 Rd7 49. Rf2 1-0

[Event "British KO-ch Pre 2019"]
[Site "London"]
[Date "2019.11.30"]
[Round "1.5"]
[White "Taylor, Adam C"]
[Black "Harvey, Marcus R"]
[Result "0-1"]
[ECO "A14"]
[WhiteElo "2371"]
[BlackElo "2405"]
[Annotator "ChessBase"]
[PlyCount "116"]
[EventDate "2019.11.30"]
[EventType "k.o."]
[EventCountry "ENG"]
[SourceTitle "playchess.com"]
[Source "ChessBase"]
[SourceQuality "1"]
[TimeControl "600+5"]

1. Nf3 Nf6 2. c4 b6 3. g3 Bb7 4. Bg2 e6 5. O-O c5 6. Nc3 Be7 7. b3 d5 8. cxd5 Nxd5 9. Nxd5 Bxd5 10. Bb2 O-O 11. Qc2 Nd7 12. Rfd1 Rc8 13. Rac1 Bf6 14. h4 Bxb2 15. Qxb2 Qf6 16. Qxf6 Nxf6 17. d4 c4 18. bxc4 Bxc4 19. Rd2 Ba6 20. Rdc2 Rxc2 21. Rxc2 Rc8 22. Rxc8+ Bxc8 23. Ne5 Kf8 24. g4 h6 25. g5 hxg5 26. hxg5 Nd7 27. Nc6 a5 28. f4 Ba6 29. Kf2 Bc4 30. a3 Bd5 31. Bxd5 exd5 32. Na7 Ke7 33. Kf3 Ke6 34. Nb5 g6 35. e3 f6 36. gxf6 Nxf6 37. Nc3 Kd6 38. a4 Kc6 39. Nb5 Ne4 40. Na7+ Kd7 41. Nb5 Nd6 42. Nc3 Kc6 43. Kg4 b5 44. axb5+ Nxb5 45. Na4 Nd6 46. Kg5 Kb5 47. Nb2 Nc4 48. Nd3 Nxe3 49. Kxg6 Kc4 50. Ne5+ Kc3 51. Nc6 a4 52. Na7 Kc4 53. f5 Nxf5 54. Kxf5 a3 55. Nc6 a2 56. Ke5 a1=Q 57. Ne7 Qxd4+ 58. Kd6 Qf6+ 0-1

[Event "British KO-ch Pre 2019"]
[Site "London"]
[Date "2019.11.30"]
[Round "1.6"]
[White "McPhillips, Joseph"]
[Black "Golding, Alex"]
[Result "0-1"]
[ECO "A06"]
[WhiteElo "2434"]
[BlackElo "2306"]
[Annotator "ChessBase"]
[PlyCount "102"]
[EventDate "2019.11.30"]
[EventType "k.o."]
[EventCountry "ENG"]
[SourceTitle "playchess.com"]
[Source "ChessBase"]
[SourceQuality "1"]
[TimeControl "600+5"]

1. Nf3 d5 2. b3 c5 3. e3 Nc6 4. Bb5 a6 5. Bxc6+ bxc6 6. Bb2 f6 7. d3 e5 8. c4 Be6 9. Nc3 Bd6 10. Na4 Qe7 11. Rc1 Nh6 12. Ba3 d4 13. Qd2 a5 14. h3 Nf7 15. e4 g5 16. Kd1 h5 17. Kc2 Rh7 18. Rce1 Nh8 19. Bc1 Ng6 20. Qe2 Qa7 21. Bd2 Nf8 22. h4 g4 23. Nh2 Nd7 24. f3 g3 25. Nf1 Rg7 26. Bh6 Rg6 27. Bc1 Nb6 28. Nd2 Rb8 29. Ba3 Nc8 30. f4 Bg4 31. Nf3 exf4 32. e5 fxe5 33. Qe4 Ne7 34. Nxe5 Re6 35. Qxf4 Ng6 36. Bxc5 Nxf4 37. Bxa7 Bxe5 38. Bxb8 Bxb8 39. Nc5 Re3 40. Rxe3+ dxe3 41. Rg1 Ba7 42. d4 Bf5+ 43. Kd1 Bxc5 44. dxc5 Bd3 45. a3 Ke7 46. b4 axb4 47. axb4 Bxc4 48. Kc2 Bd5 49. Rf1 e2 50. Re1 Bxg2 51. Kd2 Bf1 0-1

[Event "British KO-ch Pre 2019"]
[Site "London"]
[Date "2019.11.30"]
[Round "1.7"]
[White "Kalaiyalahan, Akshaya"]
[Black "Horton, Andrew P"]
[Result "0-1"]
[ECO "A05"]
[WhiteElo "2154"]
[BlackElo "2378"]
[Annotator "ChessBase"]
[PlyCount "126"]
[EventDate "2019.11.30"]
[EventType "k.o."]
[EventCountry "ENG"]
[SourceTitle "playchess.com"]
[Source "ChessBase"]
[SourceQuality "1"]
[TimeControl "600+5"]

1. Nf3 Nf6 2. g3 b5 3. Bg2 Bb7 4. O-O e6 5. d3 Be7 6. c4 bxc4 7. dxc4 O-O 8. Nc3 d6 9. Qc2 Nbd7 10. Rd1 Qc8 11. b3 Re8 12. Bb2 Nc5 13. Ne1 Bxg2 14. Nxg2 Qb7 15. Nf4 Nce4 16. Nxe4 Qxe4 17. Qxe4 Nxe4 18. f3 Nf6 19. e4 Nd7 20. Ne2 a5 21. Nc3 Bf6 22. Na4 Bxb2 23. Nxb2 Nc5 24. Nd3 Nxd3 25. Rxd3 Red8 26. a4 Kf8 27. Kf2 Ke7 28. Ke3 Rab8 29. Rc1 Rb4 30. Kd2 Rdb8 31. Rcc3 Rd8 32. Kc2 h5 33. c5 d5 34. exd5 exd5 35. Kd2 c6 36. Rc1 Rdb8 37. Kc2 Kd7 38. Re1 Re8 39. Rxe8 Kxe8 40. Kc3 Kd7 41. Rd4 Rb8 42. b4 axb4+ 43. Rxb4 Rxb4 44. Kxb4 Kc7 45. Kc3 Kb7 46. Kb3 Ka6 47. Kb4 f6 48. h3 g5 49. h4 Kb7 50. f4 gxh4 51. gxh4 Ka7 52. Kc3 Kb7 53. Kb3 Ka6 54. Kb4 Ka7 55. Kb3 Kb8 56. f5 Kb7 57. Kc3 Ka6 58. Kb4 d4 59. Kc4 Ka5 60. Kxd4 Kxa4 61. Kc4 Ka5 62. Kc3 Kb5 63. Kd4 Kb4 0-1

[Event "British KO-ch Pre 2019"]
[Site "London"]
[Date "2019.11.30"]
[Round "1.8"]
[White "Toma, Katarzyna"]
[Black "Head, Louise"]
[Result "0-1"]
[ECO "B12"]
[WhiteElo "2272"]
[BlackElo "2100"]
[Annotator "ChessBase"]
[PlyCount "70"]
[EventDate "2019.11.30"]
[EventType "k.o."]
[EventCountry "ENG"]
[SourceTitle "playchess.com"]
[Source "ChessBase"]
[SourceQuality "1"]
[TimeControl "600+5"]

1. e4 c6 2. d4 d5 3. e5 c5 4. dxc5 e6 5. a3 Bxc5 6. b4 Bf8 7. Bb2 a5 8. b5 Nd7 9. Nf3 Bc5 10. Qd2 Ne7 11. Bd3 Bb6 12. Qg5 Ng6 13. Qg3 Nc5 14. h4 Nxd3+ 15. cxd3 h5 16. Nbd2 a4 17. Ng5 Bd7 18. Qf3 Qe7 19. Bc3 Ba5 20. Bd4 Nxh4 21. Rxh4 Qxg5 22. Rf4 Rc8 23. Kd1 Qg6 24. Rb1 Bc3 25. Bxc3 Rxc3 26. Rxa4 O-O 27. Ke2 f6 28. exf6 Rxf6 29. Qg3 Qxg3 30. fxg3 Rg6 31. Nf1 Rc2+ 32. Kf3 e5 33. Ra8+ Kh7 34. Rf8 Bg4+ 35. Ke3 Re2# {[%emt 0:00:08] Kd4} 0-1

[Event "British KO-ch Pre 2019"]
[Site "London"]
[Date "2019.11.30"]
[Round "2.1"]
[White "Fernandez, Daniel Howard"]
[Black "Harvey, Marcus R"]
[Result "0-1"]
[ECO "A30"]
[WhiteElo "2444"]
[BlackElo "2405"]
[Annotator "ChessBase"]
[PlyCount "102"]
[EventDate "2019.11.30"]
[EventType "k.o."]
[EventCountry "ENG"]
[SourceTitle "playchess.com"]
[Source "ChessBase"]
[SourceQuality "1"]
[TimeControl "600+5"]

1. b3 Nf6 2. Bb2 g6 3. c4 Bg7 4. Nf3 O-O 5. g3 b6 6. Bg2 Bb7 7. O-O c5 8. Nc3 d5 9. cxd5 Nxd5 10. Qc1 Nd7 11. Nxd5 Bxd5 12. Bxg7 Kxg7 13. a3 Bxf3 14. Bxf3 Rc8 15. b4 Ne5 16. Bb7 Rc7 17. Bg2 Qd6 18. Qb2 Qd4 19. Rab1 Nc4 20. Qxd4+ cxd4 21. Bd5 Nxd2 22. Rfc1 Rfc8 23. Rxc7 Rxc7 24. Rb2 Rc1+ 25. Kg2 Nc4 26. Rb3 e6 27. Bxc4 Rxc4 28. Kf3 f5 29. e3 dxe3 30. Kxe3 Kf6 31. Rd3 Ke7 32. f4 h6 33. h3 g5 34. Kf3 a5 35. bxa5 bxa5 36. Rb3 a4 37. Rb7+ Kf6 38. Rh7 Rc3+ 39. Kg2 gxf4 40. gxf4 Rxa3 41. Rxh6+ Kf7 42. Rh7+ Kg6 43. Re7 Kf6 44. Ra7 Ra1 45. h4 Kg6 46. Re7 a3 47. Rxe6+ Kh5 48. Ra6 Kg4 49. Ra5 Ra2+ 50. Kf1 Kxh4 51. Rxf5 Rb2 0-1

[Event "British KO-ch Pre 2019"]
[Site "London"]
[Date "2019.11.30"]
[Round "2.2"]
[White "Horton, Andrew P"]
[Black "Clarke, Brandon G I"]
[Result "1-0"]
[ECO "A26"]
[WhiteElo "2378"]
[BlackElo "2431"]
[Annotator "NA"]
[PlyCount "71"]
[EventDate "2019.11.30"]
[EventType "k.o."]
[EventCountry "ENG"]
[SourceTitle "playchess.com"]
[Source "ChessBase"]
[SourceQuality "1"]
[TimeControl "600+5"]

1. Nf3 Nf6 2. c4 g6 3. g3 Bg7 4. Bg2 O-O 5. O-O d6 6. Nc3 e5 7. d3 Nc6 8. Rb1 a5 9. a3 Nd4 10. Nxd4 exd4 11. Nb5 Ng4 12. h3 c6 13. hxg4 Bxg4 14. Nxd4 Bxd4 15. Qc2 h5 16. e3 Bg7 17. Bd2 h4 18. Bc3 Bh6 19. Rbe1 Re8 20. gxh4 Qxh4 21. f4 Bg7 22. Qf2 Qh5 23. Bf3 Bxc3 24. bxc3 Kg7 25. Bxg4 Qxg4+ 26. Qg2 Qf5 27. e4 Qc5+ 28. Qf2 Qxa3 29. f5 Qxc3 30. fxg6 f6 31. e5 f5 32. Qxf5 Qd4+ 33. Kg2 Rf8 34. Qd7+ Kxg6 35. Re4 Qb2+ 36. Kg3 1-0

[Event "British KO-ch Pre 2019"]
[Site "London"]
[Date "2019.11.30"]
[Round "2.3"]
[White "Merry, Alan B"]
[Black "Golding, Alex"]
[Result "1/2-1/2"]
[ECO "A01"]
[WhiteElo "2426"]
[BlackElo "2306"]
[Annotator "NA"]
[PlyCount "117"]
[EventDate "2019.11.30"]
[EventType "k.o."]
[EventCountry "ENG"]
[SourceTitle "playchess.com"]
[Source "ChessBase"]
[SourceQuality "1"]
[TimeControl "600+5"]

1. b3 e5 2. Bb2 Nc6 3. e3 d6 4. c4 g6 5. Ne2 Bg7 6. Nbc3 Nge7 7. g3 d5 8. cxd5 Nxd5 9. a3 O-O 10. Bg2 Be6 11. O-O Nxc3 12. Nxc3 Qd3 13. b4 f5 14. Qb1 Rad8 15. Rc1 e4 16. Na4 Qxb1 17. Raxb1 Rxd2 18. Bxg7 Kxg7 19. b5 Ne5 20. Rxc7+ Rf7 21. Nc5 Bd5 22. Rxf7+ Kxf7 23. Rc1 Kf6 24. h3 b6 25. Na6 Bc4 26. a4 Ra2 27. Bf1 Bxf1 28. Kxf1 Rxf2+ 29. Kxf2 Nd3+ 30. Kf1 Nxc1 31. Nb4 Nd3 32. Nc6 Nc5 33. a5 bxa5 34. Nxa5 Ne6 35. Nc6 Nc7 36. Nxa7 Nd5 37. Ke2 Ke6 38. Kd2 Kd6 39. Nc6 Kc5 40. Nd4 Nc7 41. h4 Nxb5 42. Ne6+ Kd5 43. Nf8 Nc7 44. Nxh7 Ne6 45. Kc3 Ke5 46. Kc4 Ng7 47. Nf8 Kf6 48. Nd7+ Ke6 49. Nc5+ Ke5 50. Nd7+ Ke6 51. Nc5+ Kd6 52. Kd4 Nh5 53. g4 Ng3 54. gxf5 Nxf5+ 55. Kxe4 Kxc5 56. h5 Ng3+ 57. Kf4 Nxh5+ 58. Kg5 Ng3 59. Kxg6 1/2-1/2

[Event "British KO-ch Pre 2019"]
[Site "London"]
[Date "2019.11.30"]
[Round "2.4"]
[White "Head, Louise"]
[Black "Haria, Ravi"]
[Result "0-1"]
[ECO "A40"]
[WhiteElo "2100"]
[BlackElo "2451"]
[Annotator "ChessBase"]
[PlyCount "40"]
[EventDate "2019.11.30"]
[EventType "k.o."]
[EventCountry "ENG"]
[SourceTitle "playchess.com"]
[Source "ChessBase"]
[SourceQuality "1"]
[TimeControl "600+5"]

1. d4 e6 2. c4 Bb4+ 3. Nd2 b6 4. Ngf3 Bb7 5. a3 Bxd2+ 6. Qxd2 f5 7. e3 Nf6 8. Be2 O-O 9. O-O a5 10. b3 Qe7 11. Bb2 d6 12. Rfd1 Nbd7 13. Ne1 Ne4 14. Qd3 Qh4 15. g3 Qh6 16. f4 Nxg3 17. hxg3 Qh1+ 18. Kf2 Nf6 19. Bf3 Bxf3 20. Nxf3 Ng4+ 0-1

[Event "British KO-ch Pre 2019"]
[Site "London"]
[Date "2019.11.30"]
[Round "2.6"]
[White "Willow, Jonah B"]
[Black "Toma, Katarzyna"]
[Result "1-0"]
[ECO "B38"]
[WhiteElo "2345"]
[BlackElo "2272"]
[Annotator "NA"]
[PlyCount "121"]
[EventDate "2019.11.30"]
[EventType "k.o."]
[EventCountry "ENG"]
[SourceTitle "playchess.com"]
[Source "ChessBase"]
[SourceQuality "1"]
[TimeControl "600+5"]

1. e4 c5 2. Nf3 Nc6 3. d4 cxd4 4. Nxd4 g6 5. c4 Bg7 6. Be3 Nf6 7. Nc3 d6 8. Be2 a5 9. O-O O-O 10. f3 Nd7 11. Ndb5 Nc5 12. Qd2 a4 13. Rab1 Qa5 14. Rfd1 Be6 15. Nd5 Qxd2 16. Rxd2 Bxd5 17. cxd5 Nb4 18. Bxc5 dxc5 19. a3 Na6 20. f4 Rfd8 21. Bc4 Kf8 22. e5 g5 23. g3 Rac8 24. Rbd1 Nc7 25. Nc3 Ra8 26. Kg2 Ra5 27. d6 exd6 28. exd6 Ne6 29. Bxe6 fxe6 30. fxg5 Bd4 31. Ne4 Rb5 32. Rf1+ Kg7 33. Nc3 Ra5 34. Ne4 Rb5 35. h4 b6 36. Nc3 Ra5 37. Ne4 Rb5 38. Nc3 Rb3 39. Nxa4 Rxd6 40. Nc3 Rd8 41. h5 Re8 42. Kh3 Re7 43. Rf3 b5 44. Kh4 b4 45. axb4 Rxb4 46. g4 Rb3 47. Re2 Rf7 48. h6+ Kf8 49. Rd3 Ke7 50. Nd5+ Kd6 51. Rxb3 exd5 52. Rb6+ Kc7 53. Ra6 c4 54. g6 hxg6 55. Rxg6 Bh8 56. Ra6 Bd4 57. g5 Kb7 58. Rd6 Rf5 59. h7 c3 60. bxc3 Bxc3 61. Re7+ 1-0

[Event "British KO-ch Pre 2019"]
[Site "London"]
[Date "2019.11.30"]
[Round "2.7"]
[White "Taylor, Adam C"]
[Black "Claridge-Hansen, William"]
[Result "0-1"]
[ECO "A37"]
[WhiteElo "2371"]
[BlackElo "2290"]
[Annotator "NA"]
[PlyCount "220"]
[EventDate "2019.11.30"]
[EventType "k.o."]
[EventCountry "ENG"]
[SourceTitle "playchess.com"]
[Source "ChessBase"]
[SourceQuality "1"]
[TimeControl "600+5"]

1. Nf3 c5 2. g3 g6 3. Bg2 Bg7 4. O-O Nc6 5. c4 d6 6. Nc3 e5 7. Ne1 Be6 8. Nd5 Rb8 9. a4 Nge7 10. Nc2 O-O 11. Rb1 Qd7 12. b4 b6 13. b5 Nd4 14. Nxe7+ Qxe7 15. Ne3 Qd7 16. Nd5 Bh3 17. e3 Bxg2 18. Kxg2 Ne6 19. f4 f5 20. d3 Nc7 21. Qf3 Rbe8 22. a5 e4 23. dxe4 Rxe4 24. Rd1 Rfe8 25. axb6 Nxd5 26. Rxd5 axb6 27. Qd1 Rxc4 28. Rxd6 Qb7+ 29. Kh3 Qe4 30. Rd7 Rc2 31. Qd5+ Qxd5 32. Rxd5 Ra8 33. Rd2 Raa2 34. Rxc2 Rxc2 35. g4 fxg4+ 36. Kxg4 Rxh2 37. e4 Rh1 38. e5 Kf7 39. Ra1 Bf8 40. Ra7+ Ke6 41. Be3 h5+ 42. Kf3 h4 43. Rb7 h3 44. Rxb6+ Kd5 45. Rxg6 h2 46. Kg2 Re1 47. Kxh2 Rxe3 48. Rf6 Be7 49. Rf7 Ke6 50. Rh7 Bd8 51. b6 Rb3 52. b7 c4 53. Rh6+ Kf5 54. Rd6 Bc7 55. Rf6+ Ke4 56. Rc6 Rxb7 57. Rxc4+ Kf5 58. Kg2 Rb2+ 59. Kf3 Rb3+ 60. Ke2 Bb6 61. e6 Re3+ 62. Kd2 Rxe6 63. Kc2 Be3 64. Rc8 Bxf4 65. Kd3 Rd6+ 66. Kc4 Ke4 67. Kb5 Be5 68. Rc1 Kd5 69. Rd1+ Bd4 70. Rc1 Rb6+ 71. Ka5 Rb8 72. Rc2 Rb1 73. Rc8 Bc5 74. Rh8 Kc6 75. Rc8+ Kd5 76. Rh8 Kc4 77. Rh4+ Bd4 78. Ka6 Rb6+ 79. Ka5 Rb8 80. Ka6 Rb6+ 81. Ka5 Rb7 82. Rh6 Kd5 83. Rh5+ Be5 84. Rh1 Bd6 85. Rc1 Bc5 86. Rh1 Rb2 87. Rh5+ Kc6 88. Rh6+ Bd6 89. Ka4 Rb4+ 90. Ka5 Rg4 91. Rh5 Rg3 92. Rh4 Ra3+ 93. Ra4 Rh3 94. Rg4 Rh8 95. Ka4 Rh3 96. Ka5 Be5 97. Rc4+ Kd5 98. Rc1 Rb3 99. Ka4 Rb7 100. Rc8 Bd4 101. Ka3 Rh7 102. Rd8+ Kc4 103. Rc8+ Bc5+ 104. Kb2 Rh2+ 105. Kc1 Rg2 106. Rc7 Kd4 107. Rh7 Kd3 108. Kb1 Rg1+ 109. Ka2 Bd4 110. Rh3+ Kc4 0-1

[Event "British KO-ch Pre 2019"]
[Site "London"]
[Date "2019.11.30"]
[Round "2.8"]
[White "Wadsworth, Matthew J"]
[Black "Kalaiyalahan, Akshaya"]
[Result "1-0"]
[ECO "A26"]
[WhiteElo "2401"]
[BlackElo "2154"]
[Annotator "NA RC"]
[PlyCount "74"]
[EventDate "2019.11.30"]
[EventType "k.o."]
[EventCountry "ENG"]
[SourceTitle "playchess.com"]
[Source "ChessBase"]
[SourceQuality "1"]
[TimeControl "600+5"]

1. Nf3 Nf6 2. g3 g6 3. Bg2 Bg7 4. c4 O-O 5. O-O d6 6. Nc3 Nc6 7. Rb1 a5 8. d3 e5 9. a3 Re8 10. Bg5 h6 11. Bxf6 Bxf6 12. b4 axb4 13. axb4 Bg7 14. b5 Nd4 15. e3 Ne6 16. Nd2 Nc5 17. Nb3 Nxb3 18. Qxb3 Bd7 19. Bxb7 Rb8 20. Bg2 Kh7 21. Qc2 f5 22. Nd5 Rf8 23. f4 exf4 24. Nxf4 Re8 25. Rbe1 h5 26. h4 Qc8 27. Qa4 Qd8 28. Kh2 Kh6 29. Nh3 Bf6 30. Qc2 Qc8 31. e4 Be5 32. d4 Bh8 33. Qd2+ Kh7 34. Ng5+ Kg8 35. e5 dxe5 36. dxe5 Bxe5 37. Qd5+ Be6 1-0

[Event "British KO-ch Pre 2019"]
[Site "London"]
[Date "2019.11.30"]
[Round "3.1"]
[White "Haria, Ravi"]
[Black "Horton, Andrew P"]
[Result "0-1"]
[ECO "D79"]
[WhiteElo "2451"]
[BlackElo "2378"]
[Annotator "ChessBase"]
[PlyCount "180"]
[EventDate "2019.11.30"]
[EventType "k.o."]
[EventCountry "ENG"]
[SourceTitle "playchess.com"]
[Source "ChessBase"]
[SourceQuality "1"]
[TimeControl "600+5"]

1. Nf3 Nf6 2. g3 g6 3. Bg2 c5 4. O-O Bg7 5. c3 d5 6. d4 cxd4 7. cxd4 O-O 8. Nc3 Nc6 9. Ne5 e6 10. Nxc6 bxc6 11. Bf4 Nd7 12. Na4 e5 13. dxe5 Nxe5 14. Rc1 Bd7 15. b3 Rc8 16. Qd2 Qe7 17. Be3 Rfe8 18. Bxa7 Ra8 19. Bc5 Qd8 20. Nb6 Ra6 21. Nxd7 Nxd7 22. Be3 Qa8 23. Rc2 Nf6 24. Bd4 Ne4 25. Bxe4 Bxd4 26. Qxd4 Rxe4 27. Qd2 c5 28. Rd1 Rd4 29. Qe1 Rxd1 30. Qxd1 Rxa2 31. Rxc5 Ra1 32. Rc1 Rxc1 33. Qxc1 Qa2 34. Qc8+ Kg7 35. Qc3+ Kg8 36. Qd3 d4 37. Kg2 Qa8+ 38. Qf3 Qa3 39. Qd5 Qb2 40. Qc4 h5 41. h4 Kg7 42. Kf3 Kg8 43. Ke4 Kf8 44. b4 d3 45. Kxd3 Kg8 46. Qc8+ Kh7 47. Qc3 Qb1+ 48. Ke3 Qf5 49. Qc4 Qe5+ 50. Kf3 Qf5+ 51. Qf4 Qd5+ 52. Qe4 Qb3+ 53. Kg2 Kg8 54. Qd4 Qb1 55. f3 Qe1 56. Qc4 Qb1 57. b5 Qb2 58. Kf2 Qb1 59. Qc5 Kh7 60. b6 Qb2 61. Qc7 Qd4+ 62. Kg2 Qe3 63. Qxf7+ Kh8 64. Qf6+ Kh7 65. Qf7+ Kh8 66. Qf8+ Kh7 67. Kf1 Qxb6 68. Qf7+ Kh8 69. Qf8+ Kh7 70. Qf7+ Kh8 71. Qc4 Qe3 72. Qd3 Qe6 73. Kf2 Kh7 74. e4 Qh3 75. Qd6 Qh2+ 76. Ke3 Qg1+ 77. Kf4 Qc1+ 78. Ke5 Qc3+ 79. Kf4 Qc1+ 80. Ke5 Qc3+ 81. Ke6 Qxf3 82. Qc7+ Kg8 83. Qd8+ Kg7 84. Qd4+ Kg8 85. Qd8+ Kg7 86. Qe7+ Kg8 87. Qg5 Qxe4+ 88. Kf6 Qc6+ 89. Ke5 Qc5+ 90. Kf6 Qd6# 0-1

[Event "British KO-ch Pre 2019"]
[Site "London"]
[Date "2019.11.30"]
[Round "3.2"]
[White "Harvey, Marcus R"]
[Black "Merry, Alan B"]
[Result "1-0"]
[ECO "A30"]
[WhiteElo "2405"]
[BlackElo "2426"]
[Annotator "NA"]
[PlyCount "73"]
[EventDate "2019.11.30"]
[EventType "k.o."]
[EventCountry "ENG"]
[SourceTitle "playchess.com"]
[Source "ChessBase"]
[SourceQuality "1"]
[TimeControl "600+5"]

1. Nf3 b6 2. b3 Bb7 3. Bb2 Nf6 4. e3 g6 5. Be2 Bg7 6. O-O O-O 7. c4 c5 8. d4 cxd4 9. Nxd4 d6 10. Bf3 Qc7 11. Nc3 a6 12. Nd5 Nxd5 13. cxd5 Nd7 14. Rc1 Qd8 15. Nc6 Bxc6 16. Bxg7 Kxg7 17. dxc6 Ne5 18. c7 Nxf3+ 19. Qxf3 Qc8 20. Qe4 e5 21. Rfd1 Qe6 22. Rc6 Rac8 23. Rcxd6 Qe7 24. Rd7 Qc5 25. Qb7 a5 26. h3 Qc2 27. R1d2 Qc5 28. Kh2 h5 29. R2d6 Qc2 30. Qxb6 Qxf2 31. Rxg6+ Kh7 32. Rh6+ Kg8 33. Qd6 Qxe3 34. Qf6 Qf4+ 35. Qxf4 exf4 36. Rxh5 Rfe8 37. Rxa5 1-0

[Event "British KO-ch Pre 2019"]
[Site "London"]
[Date "2019.11.30"]
[Round "3.3"]
[White "Golding, Alex"]
[Black "Fernandez, Daniel Howard"]
[Result "0-1"]
[ECO "B20"]
[WhiteElo "2306"]
[BlackElo "2444"]
[Annotator "NA"]
[PlyCount "92"]
[EventDate "2019.11.30"]
[EventType "k.o."]
[EventCountry "ENG"]
[SourceTitle "playchess.com"]
[Source "ChessBase"]
[SourceQuality "1"]
[TimeControl "600+5"]

1. e4 c5 2. c4 g6 3. Nc3 d6 4. Nge2 Bh6 5. g3 e5 6. Bg2 Nc6 7. Nd5 Nge7 8. d3 Bxc1 9. Qxc1 Nxd5 10. cxd5 Nb4 11. Qc3 Qe7 12. O-O O-O 13. a3 Na6 14. f4 Bg4 15. Bf3 Bxf3 16. Rxf3 f5 17. fxe5 Qxe5 18. Qxe5 dxe5 19. Nc3 fxe4 20. Rxf8+ Kxf8 21. dxe4 Nc7 22. Rd1 Ne8 23. Kf2 Nd6 24. Ke2 Ke7 25. Rf1 b5 26. Kd3 a5 27. Ra1 Rf8 28. Ke2 g5 29. h3 h5 30. b4 cxb4 31. axb4 a4 32. g4 hxg4 33. hxg4 Rc8 34. Kd3 Rh8 35. Nxb5 Rh3+ 36. Kd2 Nxb5 37. Rxa4 Ra3 38. Rxa3 Nxa3 39. Kc3 Kd7 40. Kb3 Nb5 41. Ka4 Nc3+ 42. Ka5 Nxe4 43. b5 Nd6 44. b6 Nc4+ 45. Kb5 Nxb6 46. Kc5 Nc8 0-1

[Event "British KO-ch Pre 2019"]
[Site "London"]
[Date "2019.11.30"]
[Round "3.4"]
[White "Clarke, Brandon G I"]
[Black "Willow, Jonah B"]
[Result "1/2-1/2"]
[ECO "B36"]
[WhiteElo "2431"]
[BlackElo "2345"]
[Annotator "NA"]
[PlyCount "179"]
[EventDate "2019.11.30"]
[EventType "k.o."]
[EventCountry "ENG"]
[SourceTitle "playchess.com"]
[Source "ChessBase"]
[SourceQuality "1"]
[TimeControl "600+5"]

1. e4 c5 2. Nf3 Nc6 3. d4 cxd4 4. Nxd4 g6 5. c4 Nf6 6. Nc3 d6 7. f3 Nxd4 8. Qxd4 Bg7 9. Be3 O-O 10. Qd2 a5 11. Na4 Nd7 12. O-O-O Qc7 13. Kb1 b6 14. h4 Ba6 15. Rc1 Nc5 16. Nc3 h5 17. g4 hxg4 18. h5 e6 19. Bh6 Qe7 20. Bxg7 Kxg7 21. Qd4+ e5 22. Qe3 Bb7 23. fxg4 Rh8 24. Be2 Ne6 25. Na4 Rab8 26. hxg6 fxg6 27. Rxh8 Rxh8 28. Nxb6 Qg5 29. Qxg5 Bxe4+ 30. Ka1 Nxg5 31. c5 dxc5 32. Nd7 Rh2 33. Bc4 Nf3 34. Nxc5 Bc6 35. a4 Nd4 36. Ka2 Kf6 37. Ba6 Bd5+ 38. Bc4 Bc6 39. Ba6 Nc2 40. Bb7 Nb4+ 41. Kb3 Be8 42. Ne4+ Kg7 43. Kc4 Rxb2 44. Nd6 Bxa4 45. Be4 Bd7 46. g5 Rd2 47. Nb5 Be6+ 48. Kc5 Rd8 49. Kb6 a4 50. Ka5 Na2 51. Rc6 Bf7 52. Rc7 Kf8 53. Kxa4 Be8 54. Ka5 Rd7 55. Rc5 Re7 56. Nd6 Re6 57. Nb7 Ke7 58. Rc7+ Kf8 59. Nc5 Re7 60. Rc8 Kg7 61. Nd3 Bf7 62. Rc5 Ra7+ 63. Kb6 Ra4 64. Rxe5 Nc3 65. Bc6 Ra1 66. Kc7 Rd1 67. Nc5 Kf8 68. Nd7+ Kg7 69. Nf6 Rc1 70. Kd6 Rd1+ 71. Ke7 Rd2 72. Rc5 Re2+ 73. Kd8 Rd2+ 74. Ke7 Re2+ 75. Kd6 Rd2+ 76. Ke5 Re2+ 77. Kd4 Nd1 78. Bb5 Rg2 79. Ne4 Rg4 80. Ke5 Ne3 81. Rc7 Nd5 82. Rxf7+ Kxf7 83. Kxd5 Ke7 84. Ke5 Rg1 85. Bd3 Ra1 86. Nc3 Kf7 87. Be4 Ra5+ 88. Bd5+ Kg7 89. Ne4 Ra1 90. Be6 1/2-1/2